Description

3 options: ling-roach-ravagers, roach-hydra, ling-hydra.

Replay - ZvP vs Stargate

Build Order

Get SALT Encoding   

  12  0:01  Drone  
  13  0:08  Drone  
  14  0:17  Overlord  
  14  0:23  Extractor, Drone  
  15  0:35  Drone  
  16  0:42  Spawning Pool  
  15  0:44  Drone x2  
  17  1:08  Hatchery  
  17  1:10  Drone  
  17  1:25  Extractor  
  16  1:29  Zergling x6  
  16  1:32  Queen  
  21  1:40  Overlord  
  21  1:59  Drone x2  
  22  2:08  Queen  
  25  2:13  Drone  
  26  2:21  Queen  
  32  2:37  Metabolic Boost  
  36  3:02  Hatchery  
  36  3:16  Overlord  
  36  3:21  Overlord  
  36  3:32  Queen, Spore Crawler x2  
  51  4:09  Overlord  
  51  4:17  Spore Crawler  
  50  4:23  Queen  
  58  4:33  Roach Warren  
  60  4:45  Lair  
  68  4:53  Extractor x3  
  65  5:21  Roach x8  
  81  5:31  Roach x2  
  91  5:43  Glial Reconstitution  
  91  5:47  Overseer  
  122  6:43  Zergling x14  
  137  6:48  Ravager x6  
Spawning Tool Build Advisor. Get it on Overwolf

Analysis

yeah

Go to:

Details

  • Created by: HontoNoGaikan
  • Published on: Oct 11, 2025
  • Modified on: Oct 11, 2025
  • Patch: 5.0.11
  • Difficulty: Easy
Show
View Real Time Build Order
Export as new Build Order

Comments (0)

There are no comments. Be the first!

Create an account to comment!